 Dungeon Crawl Stone Soup version 0.29.1-15-g9cfb28693d (webtiles) character file.

Game seed: 3574575213665603934

81 javelincjr the Magician (level 4, -2/31 HPs)
             Began as a Djinni Conjurer on Feb 22, 2023.
             Was an Initiate of Hepliaklqana.
             Slain by a sky beast (3 damage)
             ... in the Ecumenical Temple.
             The game lasted 00:10:18 (3760 turns).

javelincjr the Magician (Djinni Conjurer)           Turns: 3760, Time: 00:10:18

Health: -2/31      AC:  3    Str:  8    XL:     4   Next: 67%
Gold:   203        EV: 12    Int: 20    God:    Hepliaklqana [......] SH:  0 Dex: 11

rFire   + + .      SeeInvis .   (no weapon)
rCold   x . .      Faith    .   (no shield)
rNeg    . . .      Spirit   .   a - +0 robe
rPois   ∞          Reflect  .   q - +0 helmet
rElec   .          Harm     .   (no cloak)
rCorr   .          Rampage  .   (no gloves)
Will    .....                   (boots unavailable)
Stlth   ++........              (no amulet)
HPRegen 0.10/turn               (no ring)
MPRegen 0.00/turn               (no ring)

@: flying, very slightly contaminated
A: sickness immunity, fire resistance 2, cold vulnerability 1, float, innate
caster, HP casting, extra vitality 1
a: Renounce Religion


You were in the Ecumenical Temple.
You worshipped Hepliaklqana.
Hepliaklqana was noncommittal.
You visited 2 branches of the dungeon, and saw 5 of its levels.

You collected 203 gold pieces.

Inventory:

Missiles
 l - a silver boomerang
Armour
 a - a +0 robe (worn)
 q - a +0 helmet (worn)
Scrolls
 e - a scroll of magic mapping
 g - 3 scrolls of enchant weapon
 j - a scroll of blinking {unknown}
 n - a scroll of enchant armour {unknown}
Potions
 b - 2 potions of haste {unknown}
 f - a potion of curing {unknown}
 i - a potion of flight {unknown}
 m - 2 potions of might {unknown}
 o - a potion of invisibility {unknown}
 p - a potion of resistance {unknown}


   Skills:
 + Level 3.3 Dodging
 + Level 2.6 Stealth
 + Level 3.7 Spellcasting


You couldn't memorise any spells.
You knew the following spells:

 Your Spells              Type           Power      Damage    Failure   Level
a - Magic Dart            Conj           72%        1d6       2%          1
b - Searing Ray           Conj           36%        2d5       4%          2
c - Dazzling Flash        Conj/Hex       36%        N/A       9%          3
d - Fulminant Prism       Conj/Hex       9%         3d7       28%         4
e - Iskenderun's Mystic   Conj/Tloc      18%        2d6       28%         4
f - Sting                 Tmut/Pois      72%        1d6       2%          1
Your spell library was empty.

Dungeon Overview and Level Annotations

Branches:
Dungeon (4/15)             Temple (1/1) D:4

Altars:
Cheibriados
Dithmenos
Gozag
Hepliaklqana
Nemelex Xobeh
Okawaru
Qazlal
Ru
Wu Jian
Xom
The Shining One


Innate Abilities, Weirdness & Mutations

You are immune to sickness and miasma.
You are immune to poison.
Your flesh is very heat resistant. (rF++)
You are vulnerable to cold. (rC-)
You float through the air rather than walking.
You learn spells naturally, not from books.
Your magical power is your life essence.
You have superior vitality. (+4 MHP)


Message History

The spell is extremely dangerous to miscast (28% risk of failure)!
Continue anyway?
You erupt in a blast of force!
The mystic blast hits the orc.
The orc is severely wounded.
The orc is knocked back by the mystic blast.
The orc slams into the stone wall!
You kill the orc!
The mystic blast hits the sky beast!
The sky beast is moderately wounded.
The sky beast is knocked back by the mystic blast.
The sky beast slams into the stone wall!
The sky beast is moderately wounded.
The sky beast hits you. The sky beast shocks you.
Casting: Iskenderun's Mystic Blast (extremely dangerous; 28% risk of failure)
Confirm with . or Enter, or press ? or * to list all spells.
The spell is extremely dangerous to miscast (28% risk of failure)!
Continue anyway?
Uppercase [Y]es or [N]o only, please.
The spell is extremely dangerous to miscast (28% risk of failure)!
Continue anyway?
Uppercase [Y]es or [N]o only, please.
The spell is extremely dangerous to miscast (28% risk of failure)!
Continue anyway?
You erupt in a blast of force!
The mystic blast hits the sky beast!
The sky beast is severely wounded.
The sky beast is knocked back by the mystic blast.
The sky beast slams into the stone wall!
The sky beast is severely wounded.
Casting: Iskenderun's Mystic Blast (extremely dangerous; 28% risk of failure)
Confirm with . or Enter, or press ? or * to list all spells.
The spell is extremely dangerous to miscast (28% risk of failure)!
Continue anyway?
You miscast Iskenderun's Mystic Blast.
You are very lightly contaminated with residual magic.
You feel a strange surge of energy!
* * * LOW HITPOINT WARNING * * *
x2 The sky beast misses you.
The sky beast flickers out of sight!
Deactivating autopickup; reactivate with Ctrl-A.
Something hits you but does no damage.
You fly downwards.
Welcome back to the Ecumenical Temple!
Reactivating autopickup.
There is a staircase back to the Dungeon here.
You start resting.
Something hits you.
You die...

##.......#.....#
#.....#
#........'.._..#
#.._..'
##.......#.....#
#.....# #.......##...##
##...## ##.......#####
#####. #.........####
####...
#............####......
##............##.......
#....@?...............
##.........~~##~~~....
###~~~~~~~~####~~~~~~
####≈≈≈### ###≈≈≈#
##### #####


There were no monsters in sight!

Vanquished Creatures
  3 adders
  2 worms (D:2)
  2 orcs
  3 endoplasms
  8 giant cockroaches
  A goblin (D:3)
  2 hobgoblins
  4 kobolds
  4 quokkas
  2 ball pythons
  5 bats
  4 frilled lizards
  4 rats
44 creatures vanquished.

Vanquished Creatures (others)
  A fulminant prism (D:4)
1 creature vanquished.

Grand Total: 45 creatures vanquished

Notes
Turn   | Place    | Note
-------+----------+-------------------------------------------
     0 | D:1      | javelincjr the Djinni Conjurer began the quest for the Orb.
     0 | D:1      | javelincjr set off with the following spells memorised:
                  | Magic Dart, Searing Ray, Dazzling Flash, Fulminant Prism,
                  | Iskenderun's Mystic Blast.
     0 | D:1      | Reached XP level 1. HP: 15/15 MP: 0/0
    68 | D:1      | Found a faded altar of an unknown god.
   262 | D:1      | Reached XP level 2. HP: 19/21 MP: 0/0
  1177 | D:2      | Reached XP level 3. HP: 21/25 MP: 0/0
  1177 | D:2      | Learned a level 1 spell: Sting
  1797 | D:2      | Reached XP level 4. HP: 29/31 MP: 0/0
  2074 | D:3      | Found a shadowy altar of Dithmenos.
  2359 | D:3      | Found an opulent altar of Gozag.
  2760 | D:4      | Found a staircase to the Ecumenical Temple.
  2760 | D:4      | Noticed a sky beast
  3020 | Temple   | Entered the Ecumenical Temple
  3511 | Temple   | Became a worshipper of Hepliaklqana the Forgotten
  3757 | D:4      | HP: 1/31 [something (12)]
  3760 | Temple   | Slain by a sky beast

Illustrated notes

Levels and vault maps discovered:
D:1:      giann_wishing_wells, layout_loops_ring,
          shapermc_ecumenical_altar_starsandcircs, minmay_misc_feat_four_crosses
D:2:      layout_basic
D:3:      layout_basic, mainiacjoe_overflow_small_starburst,
          nicolae_dithmenos_the_darkroom, mainiacjoe_overflow_brackets,
          dk_noncrumbling_4, kennysheep_path_1
D:4:      layout_basic, minmay_temple_entry_waves, serial_shops,
          nicolae_shop_behind_doors, corexii_shack, corexii_hall_statues_x,
          minmay_shop_mayhem, minmay_misc_feat_nine_boxes,
          nicolae_shop_overcharged_wands
Temple:   minmay_temple_curvy_loop

Skill      XL: |  1  2  3 |
---------------+----------+-----
Stealth        | 2 |  2.6
Dodging        | 3 |  3.3
Spellcasting   | |  3.7

Action                   |  1- 3 |  4- 6 || total
-------------------------+-------+-------++-------
Melee: Unarmed           |       |     2 ||     2
 Cast: Magic Dart        |    55 |    46 ||   101
       Searing Ray       |     1 |     3 ||     4
       Iskenderun's Myst |       |     5 ||     5
       Fulminant Prism   |       |     1 ||     1
  Use: Scroll            |       |     5 ||     5
 Stab: Sleeping          |       |     1 ||     1
Armor: Robe              |     2 |     5 ||     7
Dodge: Dodged            |     3 |     7 ||    10
